 Dungeon Crawl Stone Soup version 0.31.0-32-g396128a36d (webtiles) character file.

Game seed: 1207209351746370289

15711 bronco the Blocker (level 12, -2/89 HPs)
             Began as a Djinni Necromancer on Apr 3, 2024.
             Was a Believer of Yredelemnul.
             Slain by a two-headed ogre
             ... wielding a +0 giant club
              (22 damage)
             ... on level 12 of the Dungeon.
             The game lasted 00:50:28 (9632 turns).

bronco the Blocker (Djinni Necromancer)             Turns: 9632, Time: 00:50:29

Health: -2/89      AC:  8    Str:  7    XL:     12   Next: 61%
Gold:   342        EV: 14    Int: 25    God:    Yredelemnul [**....] SH:  9 Dex: 14

rFire   + + .        D - +3 rapier (drain)
rCold   x . .        n - +3 buckler
rNeg    . . .        z - +0 leather armour
rPois   ∞            A - +2 helmet {Int+3}
rElec   .            e - +0 cloak
rCorr   .            x - +0 pair of gloves
SInv    .            (boots unavailable)
Will    +....        p - amulet of regeneration
Stlth   ++           (no ring)
HPRegen 1.14/turn    (no ring)
MPRegen 0.00/turn

%: infuse magic (-3 HP)
@: flying, studying Invocations
A: sickness immunity, fire resistance 2, cold vulnerability 1, float, innate
caster, HP casting, extra vitality 1
a: Renounce Religion, Recall Undead Harvest, Dark Bargain


You were on level 12 of the Dungeon.
You worshipped Yredelemnul.
Yredelemnul was aware of your devotion.
You visited 1 branch of the dungeon, and saw 12 of its levels.

You collected 567 gold pieces.
You spent 225 gold pieces at shops.

Inventory:

Hand Weapons
 c - a +1 dagger of electrocution
 f - a +1 dagger of venom
 h - a +2 dagger of flaming
 i - a +0 scimitar
 s - a +0 long sword
 D - a +3 rapier of draining (weapon)
Missiles
 b - 123 stones
 l - 3 javelins
 u - 7 curare-tipped darts
 w - 47 poisoned darts
Armour
 e - a +0 cloak (worn)
 n - a +3 buckler (worn)
 x - a +0 pair of gloves (worn)
 z - a +0 leather armour (worn)
 A - a +2 helmet of intelligence (worn)
 M - a +0 tower shield
Jewellery
 p - an amulet of regeneration (around neck)
Talismans
 m - a maw talisman
 v - a flux talisman
 y - a serpent talisman
Wands
 a - a wand of mindburst (8)
 B - a wand of digging (14)
 F - a wand of light (4)
 H - a wand of roots (10)
 O - a wand of polymorph (11)
Scrolls
 d - 2 scrolls of identify
 o - 4 scrolls of teleportation
 C - a scroll of blinking
 G - a scroll of torment
 I - 2 scrolls of immolation
 K - 2 scrolls of fog
 P - a scroll of summoning {unknown}
Potions
 g - 5 potions of curing
 j - a potion of ambrosia
 k - 2 potions of brilliance
 q - a potion of mutation
 r - a potion of cancellation
 t - 3 potions of enlightenment
 E - 2 potions of resistance
 J - a potion of lignification
 L - a potion of haste
 N - a potion of might {unknown}


   Skills:
 - Level 9.1 Fighting
 - Level 8.3 Dodging
 - Level 1.5 Stealth
 - Level 9.4 Shields
 - Level 8.8 Spellcasting
 - Level 8.8 Conjurations
 - Level 8.8 Hexes
 - Level 8.8 Summonings
 - Level 8.8 Necromancy
 - Level 8.8 Translocations
 - Level 8.8 Fire Magic
 - Level 8.8 Ice Magic
 - Level 8.8 Air Magic
 - Level 8.8 Earth Magic
 - Level 8.8 Alchemy
 - Level 8.4 Invocations
 + Level 4.3 Shapeshifting


You knew the following spells:

 Your Spells              Type           Power      Damage    Failure   Level
a - Necrotise             Necr           100%       1d9       1%          1
b - Vampiric Draining     Necr           53%        2d9       1%          3
c - Animate Dead          Necr           53%        N/A       3%          4
d - Curse of Agony        Necr           53%        N/A       9%          5
e - Freeze                Ice            100%       1d10      1%          1
f - Scorch                Fire           100%       2d9       1%          2
g - Tukima's Dance        Hex            53%        N/A       1%          3
h - Dazzling Flash        Conj/Hex       100%       N/A       1%          3
i - Metabolic Englaciati  Hex/Ice        26%        N/A       9%          5
Your spell library was empty.

Dungeon Overview and Level Annotations

Branches:
Dungeon (12/15)            Temple (0/1) D:5            Lair (0/5) D:11
    Orc (0/2) D:9

Altars:
Cheibriados
Dithmenos
Elyvilon
Makhleb
Nemelex Xobeh
Ru
Trog
Wu Jian
Xom
Yredelemnul
Zin
The Shining One

Shops:
D:6 **   D:8 *   D:11 *

Portals:
Ice
Cave: D:12

Annotations:
D:6 2 transporters, community's ghost, novice DESu
D:7 2 transporters, turdburglar's ghost, novice DsSh


Innate Abilities, Weirdness & Mutations

You are immune to sickness and miasma.
You are immune to poison.
Your flesh is very heat resistant. (rF++)
You are vulnerable to cold. (rC-)
You float through the air rather than walking.
You learn spells naturally, not from books.
Your magical power is your life essence.
You have superior vitality. (+4 MHP)


Message History

Your spectral white imp barely misses the white imp. x2
You can now trade souls for undead servants.
Casting: Scorch (safe; 1% risk of failure)
Confirm with . or Enter, or press ? or * to list all spells.
Flames lash the white imp.
The white imp is burned terribly!
You kill the white imp!
Unknown command.
Unknown command.
You swap places.
A two-headed ogre comes into view. It is wielding two +0 giant clubs.
Found 20 gold pieces.
The two-headed ogre shouts in stereo!
You swap places.
There is a frozen archway here.
Casting: Scorch (safe; 1% risk of failure)
Confirm with . or Enter, or press ? or * to list all spells.
Flames lash the two-headed ogre.
The two-headed ogre is lightly wounded.
The two-headed ogre's fire resistance burns away.
Your spectral white imp hits the two-headed ogre but does no damage.
Unknown command.
Unknown command.
Casting: Scorch (safe; 1% risk of failure)
Confirm with . or Enter, or press ? or * to list all spells.
Aiming: Tukima's Dance (safe; 1% risk of failure)
Press: ? - help, Shift-Dir - straight line, f - two-headed ogre
Aim: a two-headed ogre, wielding two +0 giant clubs (lightly wounded, more vulnerable to fire, ally target, chance to affect: 56%)
The +0 giant club dances into the air!
Your spectral white imp barely misses the two-headed ogre.
Your spectral white imp hits the two-headed ogre. x2
Unknown command.
Casting: Tukima's Dance (safe; 1% risk of failure)
Confirm with . or Enter, or press ? or * to list all spells.
Flames lash the two-headed ogre.
The two-headed ogre is burned terribly!
The two-headed ogre is moderately wounded.
The two-headed ogre hits you with a +0 giant club!
* * * LOW HITPOINT WARNING * * *
The two-headed ogre hits you with a +0 giant club!!
You die...
Your body becomes fuel for the black torch.

###.# ..##
#....## ....#
.....#. .$..#
....... ....##
... #..##......
....#..<....##.
...............
........Z......
.......@ZZ.....
........OZZ....
.........Z.....
...............
..###....(.....
## ...........
##.##....... #.
###....


You could see a two-headed ogre (combustible, ally target), 6 friendly spectral
white imps and a friendly +0 giant club.

Vanquished Creatures
  A death yak (D:11)
  2 two-headed ogres (D:11)
  A deep elf pyromancer (D:9)
  A cyclops (D:11)
  Joseph (D:7)
  2 kobold demonologists
  2 unseen horrors
  5 trolls
  2 hornets
  A slime creature (D:9)
  2 shadows
  2 wyverns
  15 yaks
  A steam dragon (D:8)
  A wraith (D:10)
  An acid dragon (D:9)
  A water moccasin (D:7)
  Duvessa (D:6)
  4 orc warriors
  An ice beast (D:5)
  A sky beast (D:8)
  A laughing skull (D:9)
  5 ogres
  2 centaurs (D:9)
  Blork the orc (D:6)
  3 kobold brigands
  5 bullfrogs
  2 scorpions
  A wight (D:9)
  Dowan (D:6)
  12 killer bees
  4 howler monkeys
  2 bombardier beetles
  5 crimson imps (D:9)
  5 hounds
  5 orc priests
  A gnoll bouda (D:8)
  A jelly (D:6)
  2 iron imps (D:3)
  3 iguanas
  10 orc wizards
  8 adders
  13 gnolls
  A shadow imp (D:6)
  15 white imps
  2 adder skeletons (D:3)
  A dart slug (D:3)
  2 ribbon worms
  26 orcs
  4 endoplasms
  5 giant cockroaches
  7 goblins
  5 hobgoblins
  2 jackals (D:4)
  2 quokkas (D:1)
  8 ball pythons
  2 ball python skeletons (D:3)
  4 bats
  8 frilled lizards
  18 kobolds
  A quokka zombie (D:3)
  5 rats
258 creatures vanquished.

Vanquished Creatures (collateral kills)
  A tengu warrior (D:9)
  A meliai (D:9)
  A hornet (D:9)
  A shadow (D:9)
  3 wyverns
  A yak (D:10)
  A water moccasin (D:9)
  A sky beast (D:7)
  A centaur (D:8)
  2 bullfrogs
  2 gnoll sergeants (D:9)
  A scorpion (D:6)
  3 crimson imps (D:9)
  An iron imp (D:3)
  An orc priest (D:5)
  A sleepcap (D:6)
  2 orc wizards
  2 gnolls
  A shadow imp (D:6)
  7 orcs
  A goblin (D:3)
  4 kobolds
  4 frilled lizards (D:2)
43 creatures vanquished.

Vanquished Creatures (others)
  3 dancing weapons
  An unseen horror zombie (D:11)
  A meliai zombie (D:9)
  A wyvern zombie (D:9)
  A troll zombie (D:9)
  A yak zombie (D:9)
  A centaur zombie (D:9)
  A killer bee zombie (D:9)
  2 howler monkey zombies (D:9)
  A spectral crimson imp (D:9)
  A white imp (D:12)
  An adder zombie (D:3)
  2 spectral white imps
  A bat zombie (D:3)
  2 ball python zombies
  A bombardier beetle zombie (D:5)
  An endoplasm zombie (D:4)
  A frilled lizard zombie (D:3)
  A giant cockroach zombie (D:4)
  2 gnoll zombies
  A goblin zombie (D:3)
  13 kobold zombies
  5 orc zombies
45 creatures vanquished.

Grand Total: 346 creatures vanquished

Notes
Turn   | Place    | Note
-------+----------+-------------------------------------------
     0 | D:1      | bronco the Djinni Necromancer began the quest for the Orb.
     0 | D:1      | bronco set off with the following spells memorised:
                  | Necrotise, Vampiric Draining, Animate Dead, Curse of Agony.
     0 | D:1      | Reached XP level 1. HP: 15/15 MP: 0/0
    96 | D:1      | Reached XP level 2. HP: 21/21 MP: 0/0
   371 | D:1      | Reached XP level 3. HP: 24/25 MP: 0/0
   371 | D:1      | Learned a level 1 spell: Freeze
   844 | D:2      | Reached XP level 4. HP: 30/31 MP: 0/0
   855 | D:2      | You are sucked into a shaft and drop 2 floors!
  1084 | D:3      | Found a basalt altar of Yredelemnul.
  1100 | D:3      | Became a worshipper of Yredelemnul the Dark
  1189 | D:4      | Reached skill level 5 in Spellcasting
  1189 | D:4      | Reached skill level 5 in Conjurations
  1189 | D:4      | Reached skill level 5 in Hexes
  1189 | D:4      | Reached skill level 5 in Summonings
  1189 | D:4      | Reached skill level 5 in Necromancy
  1189 | D:4      | Reached skill level 5 in Translocations
  1189 | D:4      | Reached skill level 5 in Fire Magic
  1189 | D:4      | Reached skill level 5 in Ice Magic
  1189 | D:4      | Reached skill level 5 in Air Magic
  1189 | D:4      | Reached skill level 5 in Earth Magic
  1189 | D:4      | Reached skill level 5 in Alchemy
  1189 | D:4      | Reached XP level 5. HP: 29/35 MP: 0/0
  1189 | D:4      | Learned a level 2 spell: Scorch
  1323 | D:4      | Reached * piety under Yredelemnul
  1454 | D:4      | Noticed an ogre
  1457 | D:4      | Reached ** piety under Yredelemnul
  1464 | D:4      | Killed an ogre
  1465 | D:4      | Reached XP level 6. HP: 32/40 MP: 0/0
  2019 | D:3      | Found a shimmering altar of Xom.
  2023 | D:3      | Found a shimmering altar of Xom.
  2024 | D:3      | Found a shimmering altar of Xom.
  2152 | D:3      | Reached XP level 7. HP: 23/45 MP: 0/0
  2152 | D:3      | Learned a level 3 spell: Tukima's Dance
  2189 | D:3      | Found a burning altar of Makhleb.
  2725 | D:5      | Entered Level 5 of the Dungeon
  2725 | D:5      | Found a staircase to the Ecumenical Temple.
  2853 | D:5      | Reached XP level 8. HP: 46/50 MP: 0/0
  3063 | D:5      | Reached *** piety under Yredelemnul
  3461 | D:6      | Noticed a hornet
  3475 | D:6      | Noticed a queen bee
  3478 | D:6      | Noticed community's ghost (novice DESu)
  3649 | D:6      | Noticed Dowan
  3652 | D:6      | Noticed Duvessa
  3670 | D:6      | Killed Dowan
  3671 | D:6      | Reached XP level 9. HP: 32/55 MP: 0/0
  3671 | D:6      | Learned a level 3 spell: Dazzling Flash
  3673 | D:6      | Killed Duvessa
  3711 | D:6      | Noticed Blork the orc
  3718 | D:6      | Reached skill level 5 in Invocations
  3720 | D:6      | Killed Blork the orc
  3901 | D:6      | Found Feprokur's General Store.
  4003 | D:6      | Found Zin's Purification Station.
  4006 | D:6      | Found a glowing silver altar of Zin.
  4031 | D:6      | Found a sparkling altar of Nemelex Xobeh.
  4064 | D:6      | Found a transporter.
  4066 | D:6      | Found a transporter.
  4498 | D:7      | Reached skill level 1 in Fighting
  5157 | D:7      | Noticed Joseph
  5169 | D:7      | HP: 2/63 [Joseph/+0 quarterstaff (17)]
  5175 | D:7      | Killed Joseph
  5176 | D:7      | Reached skill level 5 in Fighting
  5176 | D:7      | Reached XP level 10. HP: 34/72 MP: 0/0
  5425 | D:7      | Noticed a moth of wrath
  5426 | D:7      | Found a transporter.
  5432 | D:7      | Found a bloodstained altar of Trog.
  5433 | D:7      | Noticed turdburglar's ghost (novice DsSh)
  5450 | D:7      | Found a transporter.
  5548 | D:7      | Found a glowing golden altar of the Shining One.
  5723 | D:8      | Found Taotu's Demolitions Depot.
  6230 | D:8      | Found an ornate altar of the Wu Jian Council.
  6693 | D:9      | Reached skill level 1 in Shields
  6801 | D:9      | Reached **** piety under Yredelemnul
  6841 | D:9      | Noticed a tengu warrior
  6852 | D:9      | Killed a tengu warrior
  6853 | D:9      | Reached skill level 5 in Shields
  6853 | D:9      | Reached XP level 11. HP: 69/84 MP: 0/0
  6853 | D:9      | Learned a level 5 spell: Metabolic Englaciation
  6890 | D:9      | Found a shadowy altar of Dithmenos.
  6890 | D:9      | Found a sacrificial altar of Ru.
  6890 | D:9      | Noticed a meliai
  6917 | D:9      | Killed a meliai
  7042 | D:9      | Reached ***** piety under Yredelemnul
  7102 | D:9      | Noticed a deep elf pyromancer
  7109 | D:9      | Killed a deep elf pyromancer
  7325 | D:9      | Found a staircase to the Orcish Mines.
  8210 | D:10     | Entered Level 10 of the Dungeon
  8259 | D:10     | Reached skill level 5 in Dodging
  8266 | D:10     | Reached XP level 12. HP: 64/89 MP: 0/0
  8673 | D:11     | Noticed a death yak
  8682 | D:11     | Noticed a death yak
  8686 | D:11     | Noticed a death yak
  8694 | D:11     | Killed a death yak
  8886 | D:10     | Found a snail-covered altar of Cheibriados.
  8908 | D:10     | Found a white marble altar of Elyvilon.
  8910 | D:10     | Found a bloodstained altar of Trog.
  9063 | D:11     | Found Xecvuoha's Assorted Antiques.
  9066 | D:11     | Bought a glowing helmet for 225 gold pieces
  9088 | D:11     | Noticed a two-headed ogre
  9094 | D:11     | Killed a two-headed ogre
  9166 | D:11     | Noticed a two-headed ogre
  9178 | D:11     | Killed a two-headed ogre
  9306 | D:11     | Found a staircase to the Lair.
  9610 | D:12     | Found a frozen archway.
  9627 | D:12     | Noticed a two-headed ogre
  9632 | D:12     | Slain by a two-headed ogre

Illustrated notes

Levels and vault maps discovered:
D:1:      dpeg_arrival_connections, layout_rooms
D:2:      layout_basic, minmay_lizard_king
D:3:      layout_basic, demons_altar, xom_redecorated,
          nicolae_overflow_hidden_temple, serial_undead, serial_undead_b,
          serial_undead_f, serial_undead_e, serial_undead_c,
          minmay_misc_feat_five, grunt_ministairs_9, minmay_ruptured
D:4:      layout_basic, minmay_manual_monolith
D:5:      wander_river, layout_basic, minmay_temple_entry_stoned_glass,
          serial_glass, glass_columns_b, glass_columns_c, glass_columns_b,
          glass_columns_c, glass_columns_a, glass_columns_c
D:6:      layout_basic, zin_purify, mainiacjoe_overflow_alcove_4,
          gammafunk_ghost_hive, serial_shops, shop, lemuel_flamethrower_1,
          uniq_duvessa, uniq_blork_the_orc
D:7:      layout_layer_cave, nicolae_tso_swordbearing_angel,
          gammafunk_ghost_wrathful_warriors, uniq_joseph
D:8:      layout_loops_ring, marbit_many_paths, nicolae_blasting_shop
D:9:      minmay_the_grid_net [minmay_the_grid_expand, minmay_the_grid_embedded,
          minmay_the_grid_odd_star, minmay_the_grid_slots,
          minmay_the_grid_outer_circle, minmay_the_grid_prize_big_room],
          layout_long_grid, lemuel_coloured_pillars_altar,
          mainiacjoe_overflow_divided_tiny, orc_0_dummy, minmay_nine_imps
D:10:     layout_basic, minitemple
D:11:     layout_rooms, dpeg_lair_monsters, serial_shops, nicolae_stop_n_shop_1,
          roderic_filled_cross
D:12:     nicolae_whirlpool, layout_cave_pools, portal_ice_cave_entry_imps,
          minmay_starry_boxes

Skill      XL: |  1  2  3  4  5  6  7  8  9 10 11 12 |
---------------+-------------------------------------+-----
Spellcasting   | 4 5 6 7 8 |  8.8
Conjurations   | 4 5 6 7 8 |  8.8
Hexes          | 4 5 6 7 8 |  8.8
Summonings     | 4 5 6 7 8 |  8.8
Necromancy     | 4 5 6 7 8 |  8.8
Translocations | 4 5 6 7 8 |  8.8
Fire Magic     | 4 5 6 7 8 |  8.8
Ice Magic      | 4 5 6 7 8 |  8.8
Air Magic      | 4 5 6 7 8 |  8.8
Earth Magic    | 4 5 6 7 8 |  8.8
Alchemy        | 4 5 6 7 8 |  8.8
Invocations    | 3 8 |  8.4
Fighting       | 5 9 |  9.1
Shields        | 5 9 |  9.4
Dodging        | 5 8 |  8.3
Shapeshifting  | 4 |  4.3
Stealth        | |  1.5

Action                     |  1- 3 |  4- 6 |  7- 9 | 10-12 || total
---------------------------+-------+-------+-------+-------++-------
  Melee: Dagger            |    27 |    74 |    16 |       ||   117
         Rapier            |       |       |    11 |    58 ||    69
   Cast: Necrotise         |    44 |     9 |     5 |    19 ||    77
         Vampiric Draining |       |    19 |    45 |   152 ||   216
         Scorch            |       |    16 |    74 |   154 ||   244
         Freeze            |       |       |    21 |    27 ||    48
         Tukima's Dance    |       |       |    14 |    12 ||    26
         Dazzling Flash    |       |       |     2 |    13 ||    15
         Curse of Agony    |       |       |       |     8 ||     8
         Metabolic Englaci |       |       |       |     6 ||     6
 Invoke: Dark Bargain      |       |       |     2 |     1 ||     3
         Recall Undead Har |       |       |     1 |       ||     1
    Use: Scroll            |       |       |    16 |     9 ||    25
         Potion            |       |       |     2 |     3 ||     5
   Stab: Sleeping          |       |     3 |       |     1 ||     4
         Invisible         |       |       |       |     2 ||     2
 Armour: Robe              |    22 |    43 |    55 |    87 ||   207
         Skin              |       |       |       |    11 ||    11
         Leather armour    |       |       |       |    82 ||    82
  Dodge: Dodged            |    23 |    51 |    34 |   141 ||   249
  Block: Buckler           |       |    12 |    20 |   135 ||   167
